 Dungeon Crawl Stone Soup version 0.32-a0-411-g744942f433 (webtiles) character file.

Game seed: 11143057452797331708

728 BubbleThief the Firebug (level 7, -1/54 HPs)
             Began as a Demonspawn Cinder Acolyte on Feb 20, 2024.
             Was a High Priest of Ignis.
             Slain by a gnoll sergeant
             ... wielding a +0 trident
              (3 damage)
             ... on level 5 of the Dungeon.
             The game lasted 00:05:33 (3588 turns).

BubbleThief the Firebug (Demonspawn Cinder Acolyte) Turns: 3588, Time: 00:05:34

Health: -1/54      AC: 11    Str: 17    XL:     7   Next: 44%
Magic:  3/11       EV: 11    Int: 14    God:    Ignis [*****.]
Gold:   210        SH:  4    Dex:  8    Spells: 10/12 levels left

rFire   + . .        a - -1 spear (flame)
rCold   + . .        (no shield)
rNeg    . . .        b - +0 robe
rPois   .            (no helmet)
rElec   .            (no cloak)
rCorr   .            (no gloves)
SInv    .            (no boots)
Will    +....        (no amulet)
Stlth   +            e - ring of willpower
HPRegen 0.29/turn    r - ring of protection from cold
MPRegen 0.12/turn

%: no passive effects
@: fiery-armoured
A: sharp scales 2, condensation shield, demonic touch 1
a: Renounce Religion, Fiery Armour, Foxfire Swarm, Rising Flame


You were on level 5 of the Dungeon.
You worshipped Ignis.
Ignis was extremely pleased with you.
You visited 1 branch of the dungeon, and saw 5 of its levels.

You collected 210 gold pieces.

Inventory:

Hand Weapons
 a - a -1 spear of flaming (weapon)
 c - a +2 heavy mace
Armour
 b - a +0 robe (worn)
Jewellery
 e - a ring of willpower (left hand)
 r - a ring of protection from cold (right hand)
Scrolls
 d - 2 scrolls of teleportation {unknown}
 i - a scroll of torment {unknown}
 k - 5 scrolls of identify {unknown}
 q - a scroll of amnesia {unknown}
 s - a scroll of immolation
Potions
 f - 5 potions of heal wounds {unknown}
 g - 3 potions of curing {unknown}
 h - 2 potions of brilliance {unknown}
 j - a potion of haste {unknown}
 l - a potion of invisibility {unknown}
 m - 2 potions of cancellation {unknown}
 n - a potion of ambrosia {unknown}
 o - a potion of lignification {unknown}
 p - 2 potions of mutation {unknown}


   Skills:
 + Level 4.2 Fighting
 * Level 4.7 Polearms
 - Level 3.2 Spellcasting
 - Level 5.4 Fire Magic


You had 10 spell levels left.
You knew the following spells:

 Your Spells              Type           Power      Damage    Failure   Level
a - Scorch                Fire           34%        2d6       3%          2

Your spell library contained the following spells:

 Spells                   Type           Power      Damage    Failure   Level
 Necrotise                Necr           8%         1d4       22%         1
 Vampiric Draining        Necr           2%         2d6       54%         3
 Martyr's Knell           Necr/Summ      2%         N/A       91%         4
 Curse of Agony           Necr           2%         N/A       99%         5


Dungeon Overview and Level Annotations

Branches:
Dungeon (5/15)             Temple (0/1) D:4

Altars:
Qazlal
Sif Muna

Shops:
D:2 [   D:4 (

Annotations:
D:3 1 runed translucent door, DaftaChap's ghost, amateur CoGl


Innate Abilities, Weirdness & Mutations

You are mostly covered in razor-sharp scales. (AC +2, Slay +2)
A meltable shield of frost defends you. (SH +4)
Your touch may inflict minor irresistible damage on your foes.


Message History

You hit the gnoll. You burn the gnoll.
You touch the gnoll.
You kill the gnoll!
The gnoll sergeant hits you from afar with a +0 trident.
Unknown command.
You hit the gnoll. You burn the gnoll.
You touch the gnoll.
You kill the gnoll!
You block the gnoll sergeant's attack.
The gnoll sergeant hits you with a +0 trident.
The gnoll sergeant is burned by your cloak of flames.
The gnoll sergeant is moderately wounded.
There is an open door, spattered with blood here.
Items here: ))) ††.
Unknown command.
You hit the gnoll sergeant but do no damage.
The gnoll sergeant is moderately wounded.
The gnoll sergeant hits you with a +0 trident.
The gnoll sergeant is burned by your cloak of flames.
The gnoll sergeant is moderately wounded.
You hit the gnoll sergeant but do no damage.
The gnoll sergeant is moderately wounded.
The gnoll sergeant hits you with a +0 trident!
* * * LOW HITPOINT WARNING * * *
The gnoll sergeant is burned by your cloak of flames.
The gnoll sergeant is heavily wounded.
Casting: Scorch (safe; 3% risk of failure)
Confirm with . or Enter, or press ? or * to list all spells.
Flames lash the gnoll sergeant.
The gnoll sergeant is severely wounded.
The gnoll sergeant's fire resistance burns away.
The gnoll sergeant hits you with a +0 trident.
* * * LOW HITPOINT WARNING * * *
The gnoll sergeant is burned by your cloak of flames.
The gnoll sergeant is severely wounded.
Casting: Scorch (safe; 3% risk of failure)
Confirm with . or Enter, or press ? or * to list all spells.
Flames lash the gnoll sergeant.
The gnoll sergeant is burned terribly!
The gnoll sergeant is almost dead.
The gnoll sergeant hits you with a +0 trident.
You die...
Ignis goes out, and joins you in death.

...# ###...# ..#...#
#.#...# #.#...#
######.#...#
#...##.#...#### .
+...@.......... ...
#..g##.########
....g####...##.#.....#
#..g.......##.#.###.##
#......[.###...........
#........# ##....#####.
#........# #..........
#........# #..#.#####.#
..........#
#.)#........


You could see a gnoll sergeant (combustible).

Vanquished Creatures
  Menkaure (D:5)
  A sky beast (D:5)
  An ogre (D:4)
  A hound (D:5)
  A jelly (D:4)
  An orc priest (D:5)
  Jessica (D:2)
  3 orc wizards
  3 gnolls (D:5)
  6 adders
  A dart slug (D:4)
  18 orcs
  3 endoplasms
  5 giant cockroaches
  6 goblins
  2 hobgoblins
  12 jackals
  5 quokkas
  5 ball pythons
  5 bats
  2 frilled lizards
  4 kobolds
  3 rats
90 creatures vanquished.

Notes
Turn   | Place    | Note
-------+----------+-------------------------------------------
     0 | D:1      | BubbleThief the Demonspawn Cinder Acolyte began the quest
                  | for the Orb.
     0 | D:1      | Reached XP level 1. HP: 18/18 MP: 2/2
    41 | D:1      | Reached skill level 3 in Fire Magic
    43 | D:1      | Gained mutation: Your touch may inflict minor irresistible
                  | damage on your foes. [demonic ancestry]
    43 | D:1      | Reached XP level 2. HP: 7/24 MP: 4/4
   121 | D:1      | Learned a level 2 spell: Scorch
   307 | D:1      | Gained mutation: A meltable shield of frost defends you.
                  | (SH +4) [demonic ancestry]
   307 | D:1      | Reached XP level 3. HP: 28/29 MP: 5/5
   631 | D:2      | Noticed Jessica
   642 | D:2      | Killed Jessica
   718 | D:2      | Reached skill level 4 in Fire Magic
   718 | D:2      | Reached XP level 4. HP: 35/35 MP: 0/7
  1241 | D:2      | Found Gitep's Armour Shoppe.
  1611 | D:3      | Found a shimmering blue altar of Sif Muna.
  1685 | D:3      | Found a runed translucent door.
  1687 | D:3      | Noticed DaftaChap's ghost (amateur CoGl)
  1929 | D:3      | Reached XP level 5. HP: 7/41 MP: 0/9
  2307 | D:4      | Found Xiepevach's Weapon Emporium.
  2325 | D:4      | Reached skill level 5 in Fire Magic
  2416 | D:4      | Found a staircase to the Ecumenical Temple.
  2445 | D:4      | Noticed an ogre
  2451 | D:4      | Killed an ogre
  2452 | D:4      | Gained mutation: You are partially covered in razor-sharp
                  | scales. (AC +1, Slay +1) [demonic ancestry]
  2452 | D:4      | Reached XP level 6. HP: 47/47 MP: 1/10
  3049 | D:5      | Entered Level 5 of the Dungeon
  3074 | D:5      | Noticed a sky beast
  3299 | D:5      | Found a stormy altar of Qazlal.
  3338 | D:5      | Killed a sky beast
  3339 | D:5      | Gained mutation: You are mostly covered in razor-sharp
                  | scales. (AC +2, Slay +2) [demonic ancestry]
  3339 | D:5      | Reached XP level 7. HP: 24/53 MP: 2/11
  3452 | D:5      | Noticed Menkaure
  3465 | D:5      | Killed Menkaure
  3587 | D:5      | HP: 1/54 [gnoll sergeant/+0 trident (6)]
  3588 | D:5      | Slain by a gnoll sergeant

Illustrated notes

Levels and vault maps discovered:
D:1:      saegor_arrival_simple_c, layout_basic
D:2:      minmay_door_path, layout_basic, serial_shops,
          nicolae_shop_tiny_real_fake_doors, minmay_distorted, uniq_jessica
D:3:      layout_rooms, tgw_sif, ebering_ghost_inner_flame
D:4:      layout_basic, minmay_temple_entry_waves, serial_shops, shop,
          st_stairs_6
D:5:      layout_basic, nicolae_qazlal_beasts_of_the_sky, kennysheep_nub,
          uniq_menkaure

Skill      XL: |  1  2  3  4  5  6  7 |
---------------+----------------------+-----
Fire Magic     | 3 4 5 |  5.4
Spellcasting   | 2 3 |  3.2
Polearms       | 4 |  4.7
Fighting       | 4 |  4.2

Action                     |  1- 3 |  4- 6 |  7- 9 || total
---------------------------+-------+-------+-------++-------
  Melee: Spear             |    49 |   138 |     8 ||   195
         Touch             |     3 |    10 |     3 ||    16
   Cast: Scorch            |     5 |    38 |     8 ||    51
 Invoke: Fiery Armour      |       |     1 |     1 ||     2
   Stab: Sleeping          |       |     1 |       ||     1
 Armour: Robe              |    25 |    75 |    11 ||   111
  Dodge: Dodged            |    20 |    52 |     3 ||    75
  Block: Other             |     1 |     9 |     3 ||    13

Table legend: (Time is in decaauts)
 A = Elapsed time spent in this place.
 B = Non-inter-level travel time spent in this place.
 C = Inter-level travel time spent in this place.
 D = Time resting spent in this place.
 E = Time spent auto-exploring this place.
 F = Levels seen in this place.
 G = Mean time per level.
                   A        B        C        D        E       F      G
               +--------+--------+--------+--------+--------+-----+--------+
         Total |   3578 |   3477 |    101 |     67 |   2834 |   5 |  715.6 |
       Dungeon |   3578 |   3477 |    101 |     67 |   2834 |   5 |  715.6 |
               +--------+--------+--------+--------+--------+-----+--------+

Top non-repeatable levels by time:
     D:2: 865 daAuts
     D:4: 831 daAuts
     D:3: 719 daAuts
     D:1: 626 daAuts
     D:5: 535 daAuts
